 Dungeon Crawl Stone Soup version 0.19.5 (webtiles) character file.

93 pps the Shield-Bearer (level 4, -1/28 HPs)
             Began as a Gargoyle Fighter on Mar 10, 2017.
             Killed by divine providence
             ... invoked by an orc priest
              (16 damage)
             ... on level 3 of the Dungeon.
             The game lasted 00:11:16 (1883 turns).

pps the Shield-Bearer (Gargoyle Fighter)            Turns: 1883, Time: 00:11:19

Health: -1/28      AC: 11    Str: 19    XL:     4   Next: 62%
Magic:  4/4        EV:  7    Int:  9    God:
Gold:   112        SH:  9    Dex: 10    Spells: 0 memorised, 3 levels left

rFire  . . .     SeeInvis .     u - +0 whip (elec)
rCold  . . .     Gourm    +     b - +0 scale mail
rNeg   + . .     Faith    .     c - +0 shield
rPois  ∞         Spirit   .     (no helmet)
rElec  +         Reflect  .     (no cloak)
rCorr  .         Harm     .     n - +0 pair of gloves
MR     .....                    (no boots)
Stlth  ..........               i - amulet of the gourmand (curse)
                                (no ring)
                                (no ring)

@: no status effects
A: negative energy resistance 1, electricity resistance, unbreathing,
petrification resistance, rot immunity, AC +3
a: no special abilities


You were on level 3 of the Dungeon.
You were full.

You visited 1 branch of the dungeon, and saw 3 of its levels.

You collected 112 gold pieces.

Inventory:

Hand Weapons
 a - a +0 long sword
 u - a +0 whip of electrocution (weapon)
 v - a cursed +0 glaive
 z - a +2 falchion of holy wrath
Missiles
 m - 9 poisoned needles
 x - a throwing net (quivered)
Armour
 b - a +0 scale mail (worn)
 c - a +0 shield (worn)
 e - a +0 pair of gloves
 n - a +0 pair of gloves (worn)
Jewellery
 i - a cursed amulet of the gourmand (around neck)
Wands
 t - a wand of enslavement (10/24)
Scrolls
 h - 6 scrolls of identify {unknown}
 k - 3 scrolls of enchant armour {unknown}
 p - 2 scrolls of remove curse {unknown}
 r - a scroll of enchant weapon {unknown}
 s - 2 scrolls of fear {unknown}
 w - a scroll of amnesia {unknown}
 y - a scroll of fog {unknown}
Potions
 d - a potion of might
 j - 2 potions of haste {unknown}
 o - a potion of curing {unknown}
Comestibles
 f - 2 bread rations
 g - a beef jerky
 l - 2 meat rations
 q - a slice of pizza


   Skills:
 + Level 3.5 Fighting
 + Level 2.5 Long Blades
 + Level 0.4 Maces & Flails
 + Level 3.8 Armour
 + Level 0.5 Dodging
 + Level 0.5 Stealth
 + Level 4.2 Shields


You had 3 spell levels left.
You didn't know any spells.

Dungeon Overview and Level Annotations

Branches:
Dungeon (3/15)

Altars:


Innate Abilities, Weirdness & Mutations

You are resistant to torment.
Your stone body is resilient. (AC +3)
You are immune to poison.
You resist negative energy. (rN+)
You are resistant to electric shocks. (rElec)
You can survive without breathing.
You are immune to petrification.
You are immune to rotting.


Message History

You barely miss the orc. You block the orc's attack.
You closely miss the orc.
The orc priest invokes the aid of Beogh against you.
Beogh smites you! You block the orc's attack.
You hit the orc but do no damage. You block the orc's attack.
You closely miss the orc. The orc hits you but does no damage.
You closely miss the orc. You block the orc's attack.
You hit the orc.
The orc is lightly wounded.
You block the orc's attack.
You hit the orc.
The orc is almost dead.
The orc hits you with a trident.
You closely miss the orc.
The orc is almost dead.
The orc hits you but does no damage.
The orc priest mumbles some strange prayers to Beogh against you.
Beogh smites you!
Ouch! That really hurt!
You die...

#.# +...oo #.# #....o
#+##########)##
#....$
#.............# .....
####........### #...
#..'........# #...
#.##........#
.###..o##)##........#
......So@.##.[......#
####?..###..........#
#... #.........##
#... #.........+ #...
#.........# #...
#.........# ####
....... .......


You could see an orc priest, an adder and an orc.

Vanquished Creatures
  2 adders
  2 worms (D:2)
  A dart slug (D:1)
  A leopard gecko (D:2)
  5 orcs (D:3)
  3 ball pythons
  10 bats
  2 giant cockroaches (D:2)
  5 goblins
  5 hobgoblins
  6 jackals
  5 kobolds
  2 quokkas
  6 frilled lizards
  3 rats
58 creatures vanquished.

Notes
Turn   | Place    | Note
-------+----------+-------------------------------------------
     0 | D:1      | pps the Gargoyle Fighter began the quest for the Orb.
     0 | D:1      | Reached XP level 1. HP: 14/14 MP: 1/1
    81 | D:1      | Reached XP level 2. HP: 18/19 MP: 2/2
   504 | D:1      | Reached XP level 3. HP: 23/23 MP: 3/3
  1359 | D:2      | Reached XP level 4. HP: 28/28 MP: 4/4
  1457 | D:3      | Reached skill level 4 in Shields
  1883 | D:3      | Killed from afar by an orc priest

Skill      XL: |  1  2  3  4 |
---------------+-------------+-----
Long Blades    | 2 |  2.5
Shields        | 4 |  4.2
Fighting       | |  3.5
Maces & Flails | |  0.4
Armour         | |  3.8
Dodging        | |  0.5
Stealth        | |  0.5

Action                   |  1- 3 |  4- 6 || total
-------------------------+-------+-------++-------
Melee: Long sword        |   102 |       ||   102
       Whip              |    62 |    61 ||   123
  Eat: Chunk             |     2 |     6 ||     8
Armor: Scale mail        |   115 |    21 ||   136
Dodge: Dodged            |    60 |    12 ||    72
Block: Shield            |   116 |    32 ||   148
       Rpst.: Long sword |     9 |       ||     9
